 Dungeon Crawl Stone Soup version 0.31-a0-214-gb37851dbb3 (webtiles) character file.

Game seed: 10157041550791863382

123 qw the Shooter (level 5, -2/31 HPs)
             Began as a Gargoyle Hexslinger on July 1, 2023.
             Was an Initiate of Okawaru.
             Slain by Robin
             ... wielding a +6 spear of freezing
              (3 damage)
             ... on level 3 of the Dungeon.
             The game lasted 00:00:38 (1787 turns).

qw the Shooter (Gargoyle Hexslinger)                Turns: 1787, Time: 00:00:38

Health: -2/31      AC:  9    Str: 12    XL:     5   Next: 7%
Magic:  6/6        EV: 10    Int: 13    God:    Okawaru [......]
Gold:   84         SH:  0    Dex: 14    Spells: 5/6 levels left

rFire   . . .        Y - +2 sling
rCold   . . .        (no shield)
rNeg    + . .        e - +0 ring mail
rPois   inf          (no helmet)
rElec   +            (no cloak)
rCorr   .            (no gloves)
SInv    .            (no boots)
Will    .....        (no amulet)
Stlth   +            (no ring)
HPRegen 0.25/turn    (no ring)
MPRegen 0.10/turn

%: no passive effects
@: no status effects
A: sickness immunity, AC +4, negative energy resistance 1, electricity
resistance, torment resistance 1, petrification resistance
a: Renounce Religion


You were on level 3 of the Dungeon.
You worshipped Okawaru.
Okawaru was noncommittal.
You visited 1 branch of the dungeon, and saw 3 of its levels.

You collected 84 gold pieces.


Innate Abilities, Weirdness & Mutations

You are immune to sickness and miasma.
Your stone body is resilient. (AC +4)
You are immune to poison.
You resist negative energy. (rN+)
You are resistant to electric shocks. (rElec)
You are resistant to unholy torment.
You are immune to petrification.


   Skills:
 - Level 2.3 Fighting
 + Level 4.2 Ranged Weapons
 - Level 1.9 Armour
 - Level 1.5 Dodging
 - Level 1.0 Spellcasting
 - Level 2.6 Hexes


You had 5 spell levels left.
You knew the following spells:

 Your Spells              Type           Power      Damage    Failure   Level
a - Slow                  Hex            28%        N/A       21%         1

Your spell library contained the following spells:

 Spells                   Type           Power      Damage    Failure   Level
 Inner Flame              Hex/Fire       4%         N/A       71%         3
 Portal Projectile        Hex/Tloc       8%         N/A       71%         3
 Cause Fear               Hex            3%         N/A       90%         4

Inventory:

Hand Weapons
 Y - a +2 sling (weapon)
Armour
 e - a +0 ring mail (worn)
Scrolls
 a - a scroll of identify
Potions
 b - a potion of resistance
 f - a potion of mutation {unknown}

Dungeon Overview and Level Annotations

Branches:
Dungeon (3/15)

Altars:
Okawaru

Annotations:
D:3 Robin


Message History

Okawaru accepts your kill. Robin throws the goblin at you!
A kobold comes into view. It is wielding a +0 club.
You shoot a sling bullet. The sling bullet hits the goblin!
You kill the goblin!
Okawaru accepts your kill. Robin hits you but does no damage.
You shoot a sling bullet.
The sling bullet hits Robin but does no damage.
You hear a shout!
Robin hits you but does no damage.
A goblin comes into view. It is wielding a +0 club.
Robin hits you but does no damage.
You shoot a sling bullet. The sling bullet closely misses Robin.
Robin throws the goblin at you!
You shoot a sling bullet.
The sling bullet closely misses the goblin.
Robin says, "Kneel, worm!"
Robin hits you from afar with a +6 spear of freezing.
Robin freezes you. The goblin barely misses you.
A goblin comes into view. It is wielding a +0 club.
You shoot a sling bullet. The sling bullet hits the goblin.
You kill the goblin!
Okawaru accepts your kill.
Robin hits you from afar with a +6 spear of freezing.
Robin freezes you.
Robin flexes a bicep menacingly.
Robin throws the goblin at you! The goblin barely misses you.
You shoot a sling bullet.
The sling bullet closely misses the goblin.
You hear a shout!
The goblin barely misses you.
Robin roars a battlecry!
The goblin goes into a battle-frenzy!
You shoot a sling bullet. The sling bullet hits the goblin!
You kill the goblin!
Okawaru accepts your kill.
Robin hits you from afar with a +6 spear of freezing.
Robin freezes you.
You die...

#.# #.# #.#
#.# #.### ##
#...# ).
#.######
###g#......#
#....@)..#.#
#.#)###..#
#. .## # .#
.# .# ..


You could see Robin.

Vanquished Creatures
  Natasha (D:2)
  4 gnolls (D:2)
  An adder (D:2)
  2 dart slugs
  5 ball pythons
  7 bats
  An endoplasm (D:1)
  A giant cockroach (D:2)
  7 goblins (D:3)
  6 hobgoblins
  4 quokkas
  A frilled lizard (D:1)
  4 kobolds
  A rat (D:2)
45 creatures vanquished.

Notes
Turn   | Place    | Note
-------+----------+-------------------------------------------
     0 | D:1      | qw the Gargoyle Hexslinger began the quest for the Orb.
     0 | D:1      | Reached XP level 1. HP: 12/12 MP: 2/2
     0 | D:1      | 0 ||| qw: Version: 0.3-a-32-g5962c71
     0 | D:1      | 0 ||| qw: Game counter: 7419
     0 | D:1      | 0 ||| qw: Melee chars always use a shield: true
     0 | D:1      | 0 ||| qw: God list: Okawaru
     0 | D:1      | 0 ||| qw: Allow faded altars: false
     0 | D:1      | 0 ||| qw: Do Orc after clearing Dungeon:15 true
     0 | D:1      | 0 ||| qw: Do second Lair branch before Depths: true
     0 | D:1      | 0 ||| qw: Lair rune preference: random
     0 | D:1      | 0 ||| qw: Goals: Normal
     0 | D:1      | 0 ||| PLANNING D:1-11
   121 | D:1      | Reached XP level 2. HP: 16/16 MP: 3/3
   397 | D:1      | Found a faded altar of an unknown god.
   428 | D:1      | Reached skill level 3 in Ranged Weapons
  1045 | D:1      | 1045 ||| UPGRADING to +0 ring mail.
  1055 | D:1      | 1055 ||| DROPPING +0 robe.
  1056 | D:1      | 1056 ||| READING scroll labelled UHUDEU QIORODA.
  1057 | D:1      | 1057 ||| READING scroll labelled JEKIGU QIACKER.
  1058 | D:1      | 1058 ||| READING scroll labelled IGEAJ RANUEPP.
  1059 | D:1      | 1059 ||| READING scroll labelled HUCLOU XUATY.
  1060 | D:1      | 1060 ||| READING scroll labelled KEHIMA YCWAO.
  1061 | D:1      | 1061 ||| DROPPING scroll of poison.
  1177 | D:2      | Reached XP level 3. HP: 22/22 MP: 4/4
  1225 | D:2      | HP: 5/22 [gnoll/+0 club (1)]
  1227 | D:2      | Reached XP level 4. HP: 7/27 MP: 5/5
  1411 | D:2      | Reached skill level 4 in Ranged Weapons
  1569 | D:2      | Found an iron altar of Okawaru.
  1570 | D:2      | 1570 ||| PLANNING OKAWARU WORSHIP
  1575 | D:2      | Became a worshipper of Warmaster Okawaru
  1576 | D:2      | 1576 ||| PLANNING D:1-11
  1635 | D:2      | Noticed Natasha
  1645 | D:2      | Killed Natasha
  1646 | D:2      | Reached skill level 1 in Armour
  1710 | D:2      | 1710 ||| READING 2 scrolls of identify.
  1710 | D:2      | 1710 ||| IDENTIFYING smoky amethyst potion
  1771 | D:3      | Reached XP level 5. HP: 31/31 MP: 6/6
  1773 | D:3      | Identified the +1 helmet of Altruism {Will+}
  1773 | D:3      | Noticed Robin
  1785 | D:3      | HP: 6/31 [Robin/+6 spear of freezing (3)]
  1787 | D:3      | HP: 1/31 [Robin/+6 spear of freezing (5)]
  1787 | D:3      | Slain by Robin

Levels and vault maps discovered:
D:1:      dpeg_arrival_houses_and_road, layout_basic,
          shapermc_ecumenical_altar_rom_forum, hex_intersection
D:2:      layout_basic, basic_altar, uniq_natasha
D:3:      layout_basic, bloody_makhleb, minitemple, minmay_misc_feat_nine_boxes,
          hellmonk_guarded_unrand_hermit, uniq_jessica, uniq_robin

Skill      XL: |  1  2  3  4 |
---------------+-------------+-----
Ranged Weapons | 3 4 |  4.2
Fighting       | 2 |  2.3
Armour         | 1 |  1.9
Dodging        | |  1.5
Spellcasting   | |  1.0
Hexes          | |  2.6

Action                     |  1- 3 |  4- 6 || total
---------------------------+-------+-------++-------
   Fire: Sling             |    82 |    82 ||   164
    Use: Scroll            |     5 |     1 ||     6
 Armour: Robe              |    12 |       ||    12
         Ring mail         |     6 |    26 ||    32
  Dodge: Dodged            |    30 |    25 ||    55

Table legend:
 A = Non-vault XP
 B = Vault XP
 C = Vault XP percentage of total XP
 D = Non-vault monster count
 E = Vault monster count
 F = Vault count percentage of total count
                 A         B        C        D         E       F
            +---------+---------+-------+---------+---------+-------
      Total |     130 |      49 |  27.4 |      37 |       8 |  17.8
            +---------+---------+-------+---------+---------+-------
        D:1 |      29 |       0 |   0.0 |      17 |       0 |   0.0
        D:2 |      95 |      36 |  27.5 |      18 |       1 |   5.3
        D:3 |       6 |      13 |  68.4 |       2 |       7 |  77.8
            +---------+---------+-------+---------+---------+-------
